cohdb
Replays
Latest Replays
All Replays
Popular Replays
Top Player Replays
Match Explorer
How It Works
Community
CoH3 Stats
Reddit
Sign in to upload your games and track your stats! →
Sign in with Steam
Match 40622411
Unlisted
Match 40622411
Overview
Messages
Build Orders
End
Construct Section Command Post
Vickers Machine Gun Team
Dingo Light Scout Car
Dingo Light Scout Car
Royal Engineer Section
Selects Canadian Shock Battlegroup
Selects Attacking Spirit
Selects Canadian Shock Section
Canadian Shock Section
Construct Platoon Command Post
Selects Incendiary Munitions
Canadian Shock Section
6-pounder Anti-tank Gun Team
Unlock Bishop Self-propelled Artillery
Bishop Self-propelled Artillery
Construct Company Command Post
Bishop Self-propelled Artillery
Forward Retreat Point
Selects Pyrotechnics
Selects Smoke Operation
Smoke Operation
Construct Company Command Post
Unlock M3 Grant Medium Tanks
Light Vehicle Training
Foot Guards Section
Royal Engineer Section
Smoke Operation
M3 Grant Medium Tank
CMP 15cwt Truck
ww26282006
Dr.eiser
ljn818
Spriggan
没有人
CPU - EVENLY MATCHED
Блядота (Prime)
soiweg
0
0
Comments
sign in to comment!
No comments posted yet!